 Dungeon Crawl Stone Soup version 0.17-a0-2069-g0f4ee5b (webtiles) character file.

74 pk666 the Covered (level 4, -5/41 HPs)
             Began as a Minotaur Fighter on Oct 13, 2015.
             Was an Initiate of Okawaru.
             Slain by an orc warrior
             ... wielding a +0 flail
              (19 damage)
             ... on level 3 of the Dungeon.
             The game lasted 00:05:01 (1360 turns).

pk666 the Covered (Minotaur Fighter)                Turns: 1360, Time: 00:05:01

Health: -5/41      AC:  7    Str: 21    XL:     4   Next: 10%
Magic:  3/3        EV:  7    Int:  5    God:    Okawaru [......]
Gold:   141        SH:  9    Dex: 10    Spells: 0 memorised, 3 levels left

rFire  . . .     SeeInvis .     a - +0 war axe
rCold  . . .     Clarity  .     b - +0 scale mail
rNeg   . . .     SustAt   .     c - +0 shield
rPois  .         Gourm    .     (helmet restricted)
rElec  .         Spirit   .     (no cloak)
rCorr  .         Warding  .     (no gloves)
rMut   .         Stasis   .     (no boots)
MR     .....                    g - amulet of regeneration
Stlth  ..........               (no ring)
                                (no ring)

@: not resistant to hostile enchantments, extremely unstealthy
A: retaliatory headbutt, horns 2
a: Renounce Religion


You were on level 3 of the Dungeon.
You worshipped Okawaru.
Okawaru was noncommittal.
You were not hungry.

You visited 1 branch of the dungeon, and saw 3 of its levels.

You collected 141 gold pieces.

Inventory:

Hand Weapons
 a - a +0 war axe (weapon)
Armour
 b - a +0 scale mail (worn)
 c - a +0 shield (worn)
Jewellery
 g - an amulet of regeneration (around neck)
Scrolls
 e - a scroll of magic mapping {unknown}
 f - 5 scrolls of identify {unknown}
 i - a scroll of enchant weapon {unknown}
 j - a scroll of random uselessness {unknown}
 k - a scroll of remove curse {unknown}
 l - a scroll of teleportation {unknown}
Potions
 d - a potion of might
 h - 2 potions of curing {unknown}
Comestibles
 m - 2 chunks of flesh
 x - 2 bread rations


   Skills:
 + Level 4.5 Fighting
 + Level 3.4 Axes
 + Level 4.7 Armour
 - Level 3.6 Shields


You had 3 spell levels left.
You didn't know any spells.

Dungeon Overview and Level Annotations

Branches:
Dungeon (3/15)

Altars:
Kikubaaqudgha
Nemelex Xobeh
Okawaru


Innate Abilities, Weirdness & Mutations

You reflexively headbutt those who attack you in melee.
You have a pair of horns on your head.


Message History

The orc warrior is lightly wounded.
You block the orc warrior's attack.
You hit the orc warrior.
The orc warrior is moderately wounded.
The orc warrior barely misses you.
You barely miss the orc warrior.
You headbutt the orc warrior, but do no damage.
The orc warrior is moderately wounded.
The orc warrior hits you with a flail!
* * * LOW HITPOINT WARNING * * *
Something hits you but does no damage.
You hit the orc warrior but do no damage.
The orc warrior is moderately wounded.
You hit something. You block the orc warrior's attack.
Something hits you but does no damage.
You hit the orc warrior but do no damage.
The orc warrior is moderately wounded.
You barely miss something. Something hits you but does no damage.
The orc warrior hits you with a flail!!
You die...

#.........#
#..##.##..#####
#..#...#.......
#.........#
#...._....# #
#.........#
#########..#...#o.#
..........รท##.##{##
#########......o@# #
#......### ###....#
######


You could see an orc warrior and an orc.

Vanquished Creatures
  An adder (D:3)
  An ooze (D:1)
  3 worms (D:2)
  2 giant geckos (D:2)
  An orc (D:3)
  5 bats
  4 giant cockroaches
  4 goblins
  7 hobgoblins
  4 jackals (D:2)
  A ball python (D:2)
  3 giant newts
  4 kobolds
  8 rats
48 creatures vanquished.

Notes
Turn   | Place    | Note
--------------------------------------------------------------
     0 | D:1      | pk666 the Minotaur Fighter began the quest for the Orb.
     0 | D:1      | Reached XP level 1. HP: 19/19 MP: 0/0
    97 | D:1      | Reached XP level 2. HP: 25/27 MP: 1/1
   171 | D:1      | Reached skill level 4 in Armour
   256 | D:1      | Found a sparkling altar of Nemelex Xobeh.
   773 | D:2      | Reached XP level 3. HP: 33/33 MP: 2/2
   962 | D:2      | Found an ancient bone altar of Kikubaaqudgha.
  1298 | D:3      | Found an iron altar of Okawaru.
  1303 | D:3      | Reached XP level 4. HP: 41/41 MP: 3/3
  1318 | D:3      | Became a worshipper of Warmaster Okawaru
  1334 | D:3      | Noticed an orc warrior
  1360 | D:3      | Slain by an orc warrior

Vault maps used:
D:1:      elethiomel_arrival_infinity_welcomes_careful_drivers,
          grunt_decor_clamped, serial_bayou_pond_a, nemelex_altar_shiori
D:2:      nicolae_overflow_crystal_walls, first_bread
D:3:      nicolae_gozag_cash_rules_everything_around_me,
          gammafunk_temple_overflow_wave, okawaru_gym_becter, uniq_sigmund

Action                   |  1- 3 |  4- 6 || total
-------------------------+-------+-------++-------
Melee: War axe           |    87 |    13 ||   100
  Eat: Chunk             |     1 |     1 ||     2
